Unix NetHack Version 5.0.0-0 post-release - last build May 10 2026 23:12:36 (d1fa5d53e341ca933230fdaa984d921c805b60aa,branch:main).

Game began 2026-05-11 20:38:33, ended 2026-05-12 19:03:35.

Gary, lawful male human Samurai

                                               ---- --
                                        --     |..--.--
                                      ---.------......--
                                      |....|.|.........|
                            ----      |.......-......- --
                   ---   ----..----   --- --..<...........-
                   |..----........|      -.G.)@Y....-------
                   |..............---    |.--...---....|
    --------       --.|.---.........--   |.||..--  --- |
    |......--       ----- |...--.....--  |.|----
    |....-..-----         ---.|-......|  |.|
   --...0....*..------ ------.|.......|  |.|
  --........---..--..---......|-.....-- --.|
  |.....#...| |....)..|....----|..-------..|
  --..|.###-- ---..........| ----.........--
  -...|..#----  --........-- -....---------
  ..---#...|.-------......---. ----
 ..-   ###....|.--|...........-
|.       #.......|--........---
--       |..-#-..| ---.|.|..|
         ---# #---   --------
Gary the Ninja         St:12 Dx:13 Co:18 In:8 Wi:12 Ch:13  Lawful S:12861
Dlvl:10 $:0  HP:0(92) Pw:43(43) AC:-2 Xp:9/2952 T:8142  Burdened

Latest messages:
 The wood nymph stole 38 +0 ya.
 The wood nymph vanishes!
 You hit the owlbear!
 The owlbear hits!
 The owlbear hits again!
 The owlbear grabs you!
 The owlbear misses!
 The owlbear misses!
 You are being crushed.
 You hit the owlbear!
 The owlbear hits!
 The owlbear hits again!
 You are being crushed.
 You hit the owlbear!
 The owlbear hits!
 The owlbear hits again!
 You are being crushed.
 You hit the owlbear.
 The owlbear hits!
 The owlbear hits again!
 You are being crushed.
 You hit the owlbear!
 The owlbear misses!
 The owlbear just misses!
 You are being crushed.
 What do you want to drink? [x-zAFMY or ?*] F
 You feel much better.
 The owlbear hits!
 The owlbear hits again!
 You are being crushed.
 You miss the owlbear.
 The owlbear hits!
 The owlbear hits again!
 You are being crushed.
 What do you want to drink? [x-zAMY or ?*] Y
 You feel better.
 The owlbear misses!
 The owlbear misses!
 You are being crushed.
 You miss the owlbear.
 The owlbear hits!
 The owlbear hits again!
 You are being crushed.
 What do you want to zap? [puPS or ?*] S
 In what direction? >
 You dig a hole through the floor.
 The owlbear hits!
 The owlbear misses!
 You are being crushed.
 You die...

Inventory:
 Weapons  (')')
  c - a +0 yumi (alternate weapon; not wielded)
  G - a blessed +1 dagger
  H - the +1 Sting
  a - a +0 katana (weapon in right hand)
 Armor    ('[')
  m - a blessed +0 orcish helm (being worn)
  i - an uncursed +0 pair of elven boots (being worn)
  s - an uncursed burnt +0 cloak of protection (being worn)
  o - a blessed +2 Hawaiian shirt with a hula dancer motif (being worn)
  C - an uncursed +0 dwarvish mithril-coat (being worn)
 Comestibles  ('%')
  T - an uncursed gunyoki
  v - an uncursed lembas wafer
  E - an uncursed sprig of wolfsbane
  R - 2 uncursed tripe rations
  U - an uncursed lichen corpse
  l - 2 uncursed lizard corpses
 Scrolls  ('?')
  t - an uncursed scroll of charging
  j - a cursed scroll of confuse monster
  q - an uncursed scroll of create monster
  r - an uncursed scroll of gold detection
  N - an uncursed scroll of remove curse
 Potions  ('!')
  x - an uncursed potion of confusion
  A - 3 uncursed potions of gain ability
  M - an uncursed potion of hallucination
  z - 2 uncursed potions of see invisible
  y - an uncursed potion of speed
 Rings    ('=')
  Q - an uncursed +0 ring of adornment
  W - an uncursed ring of conflict
  D - a cursed ring of hunger
  L - an uncursed ring of poison resistance
  h - an uncursed ring of teleport control
 Wands    ('/')
  S - a wand of digging (0:4)
  u - a wand of enlightenment (0:13)
  P - a wand of polymorph (0:3)
  p - a wand of striking (0:0)
 Tools    ('(')
  b - an uncursed sack containing 29 items
  O - an empty uncursed sack
  B - an uncursed blindfold
  w - an uncursed magic whistle
  n - a blessed oil lamp
  k - an uncursed skeleton key
  I - an uncursed partly used tallow candle
  Z - an uncursed tallow candle
  K - an uncursed tin opener
  V - an uncursed towel
 Gems/Stones  ('*')
  g - an uncursed worthless piece of green glass
  X - 2 uncursed worthless pieces of yellowish brown glass

Contents of the sack:
  563 gold pieces
  a +0 wakizashi
  an uncursed +0 pair of speed boots
  an uncursed banana
  5 uncursed gunyoki
  an uncursed orange
  an uncursed lizard corpse
  a blessed scroll of blank paper
  2 uncursed scrolls of blank paper
  an uncursed scroll of confuse monster
  a blessed scroll of destroy armor
  2 uncursed scrolls of destroy armor
  a blessed scroll of enchant weapon
  an uncursed scroll of enchant weapon
  an uncursed scroll of remove curse
  an uncursed scroll of teleportation
  an uncursed potion of blindness
  an uncursed potion of extra healing
  3 uncursed potions of healing
  an uncursed potion of object detection
  an uncursed potion of sickness
  a cursed wand of digging (0:6)
  an uncursed tallow candle
  an uncursed wax candle
  an uncursed jet stone
  an uncursed worthless piece of blue glass
  an uncursed worthless piece of orange glass
  an uncursed worthless piece of red glass
  2 uncursed worthless pieces of yellowish brown glass

Gary the Samurai's attributes:

Background:
 You were a Ninja, a level 9 male human Samurai.
 You were lawful, on a mission for Amaterasu Omikami
 who was opposed by Raijin (neutral) and Susanowo (chaotic).
 You were right-handed.
 You were in the Gnomish Mines, on level 10.
 You entered the dungeon 8142 turns ago.
 You had 2952 experience points, 2168 more were needed to attain level 10.
 Your score was 12861 before end-of-game adjustments.

Basics:
 You had 0 out of 92 hit points.
 You had all 43 energy points (spell power).
 Your armor class was -2.
 Your wallet was empty, but
 you had 563 zorkmids stashed away in your pack.
 Autopickup was on for '$' plus thrown.

Final Characteristics:
 Your strength was 12 (peak:16, limit:18/100).
 Your dexterity was 13 (limit:18).
 Your constitution was 18 (limit:18).
 Your intelligence was 8 (limit:18).
 Your wisdom was 12 (limit:18).
 Your charisma was 13 (limit:18).

Final Status:
 You were held by an owlbear (east).
 You weren't hungry.
 You were burdened; movement was slightly slowed.
 You were wielding a long sword.
 You had expert skill with long sword.

Final Attributes:
 You were piously aligned.
 You were cold resistant.
 You were sleep resistant.
 You were telepathic.
 You were stealthy.
 You were protected.
 You were fast.
 You are dead.

Miscellaneous:
 You didn't encounter any bones levels.
 Total elapsed playing time was 3 hours and 59 minutes.

Major events:
 Turn
    1: Gary the lawful male human Samurai entered the dungeon
  831: entered the Gnomish Mines
 1056: attained the rank of Ronin (level 3)
 1578: found Sting on the floor
 3146: attained the rank of Ninja (level 6)
 4334: reached Mine Town
 5675: entered the Bigroom
 8142: killed by an owlbear

You didn't know any spells.

Skills:
 Fighting Skills
   martial arts      [Basic]
   two weapon combat [Unskilled]
   riding            [Unskilled]
 Weapon Skills
   dagger            [Unskilled]
   knife             [Unskilled]
   short sword       [Basic]
   broadsword        [Unskilled]
   long sword        [Expert]
   two-handed sword  [Unskilled]
   saber             [Unskilled]
   flail             [Unskilled]
   quarterstaff      [Unskilled]
   polearms          [Unskilled]
   spear             [Unskilled]
   lance             [Unskilled]
   bow               [Basic]
   shuriken          [Unskilled]
 Spellcasting Skills
   attack spells     [Unskilled]
   divination spells [Unskilled]
   clerical spells   [Unskilled]

Voluntary challenges:
 Character rerolling was not enabled.
 You never genocided any monsters.
 You never polymorphed an object.
 You never changed form.
 You used no wishes.
Achievements:
 You entered a shop.
 You entered the Gnomish Mines.
 You attained the rank of Ronin.
 You attained the rank of Ninja.
 You entered Minetown.
 You entered a temple.
 You entered the Big Room.

 The Dungeons of Doom: levels 1 to 10
    Level 1:
       A fountain.
    Level 2:
       An armor shop.
       Stairs down to The Gnomish Mines.
    Level 3:
       A potion shop.
    Level 4:
       A sink.
    Level 5:
    Level 6:
       An armor shop.
    Level 7:
    Level 8:
       A food shop.
    Level 9:
       Many fountains.
       Oracle of Delphi.
    Level 10:
       A very big room.
 The Gnomish Mines: levels 3 to 10
    Level 3:
    Level 4:
    Level 5: "stuff by down stairs"
       Many shops, a temple and an altar, some fountains.
    Level 6:
    Level 7:
    Level 8:
    Level 9:
    Level 10: <- You were here.
       Final resting place for
          you, killed by an owlbear.


Vanquished creatures:
  2 large dogs
 an elf mummy
  a giant beetle
  a quivering blob
  3 wolves
  2 leprechauns
  2 giant spiders
 an ice vortex
  a black light
  a gnome ruler
  3 brown puddings
  4 owlbears
  a yeti
  4 lizards
  a jaguar
  2 ravens
  a plains centaur
  2 snakes
  3 Woodland-elves
  3 fire ants
  2 bugbears
 an imp
  a wood nymph
  a water nymph
  2 mountain nymphs
  6 Mordor orcs
  4 Uruk-hai
 an orc shaman
  2 rock moles
  3 ponies
  3 yellow lights
  a shrieker
 13 gnome leaders
  5 gnomish wizards
  a gray ooze
  2 ghouls
  2 paper golems
  2 giant ants
  a little dog
  2 floating eyes
  5 dwarves
  2 homunculi
  a kobold leader
  a kobold shaman
  4 rothes
  a rabid rat
  a giant bat
  3 orc zombies
  3 dwarf zombies
  a werejackal
  4 iguanas
 an acid blob
  a coyote
  2 hobbits
  7 manes
  a large kobold
  a hobgoblin
  7 giant rats
  a brown mold
  2 yellow molds
 54 gnomes
  6 geckos
  3 jackals
  a fox
  a kobold
  2 goblins
 12 grid bugs
  2 bats
  4 lichens
  5 newts
233 creatures vanquished.

No species were genocided or became extinct.

Game over:
                       ----------
                      /          \
                     /    REST    \
                    /      IN      \
                   /     PEACE      \
                  /                  \
                  |       Gary       |
                  |      563 Au      |
                  |   killed by an   |
                  |     owlbear      |
                  |                  |
                  |                  |
                  |       2026       |
                 *|     *  *  *      | *
        _________)/\\_//(\/(/\)/\//\/|_)_______

Sayonara Gary the Samurai...

You died in The Gnomish Mines on dungeon level 10 with 12805 points,
and 563 pieces of gold, after 8142 moves.
You were level 9 with a maximum of 92 hit points when you died.

